 Dungeon Crawl Stone Soup version 0.31.0-11-ge490571c62 (webtiles) character file.

Game seed: 12129916700997869437

440346 shadizar the Wishgranter (level 24, -2/180 HPs)
             Began as a Djinni Conjurer on Jan 25, 2024.
             Was the Champion of Makhleb.
             Slain by a fire giant
             ... wielding a +1 great sword of flaming
              (42 damage)
             ... on level 2 of the Depths on Jan 26, 2024.
             The game lasted 02:22:53 (41104 turns).

shadizar the Wishgranter (Djinni Conjurer)         Turns: 41104, Time: 02:22:54

Health: -2/180     AC: 22    Str: 11    XL:     24   Next: 91%
Gold:   4206       EV: 14    Int: 36    God:    Makhleb [******] SH: 16 Dex:  9

rFire   + + +        s - staff of Feothrin {rC+ Conj Necro}
rCold   + . .        k - +5 kite shield of the Arcane {rCorr Int+6 Dex-5}
rNeg    + + .        K - +0 swamp dragon scales
rPois   ∞            I - +2 hat of the Bear Spirit {Spirit, Bear, *Rage Will++}
rElec   +            e - scarf {rC+ rF+}
rCorr   +            y - +4 pair of gloves of Qahoemedgh {rPois rN+ Str+3 Slay-6}
SInv    .            (boots unavailable)
Will    +++..        q - amulet "Cutao" {Rampage Regen+ MP+9} Stlth
                     c - ring of Summertime {rPois rF+ rN+ Will-}
HPRegen 1.30/turn    M - ring "Waronof" {+Blink rElec AC+4 Str+2 Stlth-}
MPRegen 0.00/turn

%: random rage (20%), guardian spirit, rampage, infuse magic (-3 HP)
@: fragile (+50% incoming damage), flying, studying 2 skills
A: sickness immunity, fire resistance 2, cold vulnerability 1, float, innate
caster, HP casting, extra vitality 1
}: 3/15 runes: decaying, silver, gossamer
a: Renounce Religion, Evoke Blink, Minor Destruction, Lesser Servant of Makhleb,
Major Destruction, Greater Servant of Makhleb


You were on level 2 of the Depths.
You worshipped Makhleb.
Makhleb was exalted by your worship.
You visited 9 branches of the dungeon, and saw 41 of its levels.
You visited 1 bazaar.
You also visited: Bailey, Gauntlet and Ice Cave.

You collected 7563 gold pieces.
You spent 3357 gold pieces at shops.

Inventory:

Armour
 e - a scarf of resistance (worn)
 k - the +5 kite shield of the Arcane (worn) {rCorr Int+6 Dex-5}
   (You found it in a bailey)

   Int+6:     It affects your intelligence (+6).
   Dex-5:     It affects your dexterity (-5).
   rCorr:     It protects you from acid and corrosion.
 u - a +0 tower shield of cold resistance
 y - the +4 pair of gloves of Qahoemedgh (worn) {rPois rN+ Str+3 Slay-6}
   (You found it in a Gauntlet)

   Str+3:     It affects your strength (+3).
   Slay-6:    It affects your accuracy & damage with ranged weapons and melee
   (-6).
   rPois:     It protects you from poison rN+: It protects you from negative
   energy.
 I - the +2 hat of the Bear Spirit (worn) {Spirit, Bear, *Rage Will++}
   (You bought it in a shop in a bazaar)

   Bear:      Going berserk makes the wearer exceptionally tough, and they are
   slowed for a shorter time afterward.
   Will++:    It greatly increases your willpower.
   *Rage:     It berserks you when you make melee attacks (+20% chance).
 K - +0 swamp dragon scales (worn)
 Y - a +2 cloak of preservation
Magical Staves
 f - the staff "Rokalay" {rElec Dex+5 Air}
   (You found it on level 3 of the Elven Halls)

   [staff of air]

   Base accuracy: +5 Base damage: 5 Base attack delay: 1.2 This weapon's minimum
   attack delay (0.6) is reached at skill level 12.
   Dex+5:     It affects your dexterity (+5).
   rElec:     It insulates you from electricity.
   Air:       It increases the power of your Air spells.
   It falls into the 'Staves' category.
   It is a one-handed weapon.
 j - the staff "Koetiki" {rF+ rN+ Int+6 Fire}
   (You found it on level 2 of the Elven Halls)

   [staff of fire]

   Base accuracy: +5 Base damage: 5 Base attack delay: 1.2 This weapon's minimum
   attack delay (0.6) is reached at skill level 12.
   Int+6:     It affects your intelligence (+6).
   rF+:       It protects you from fire.
   rN+:       It protects you from negative energy.
   Fire:      It increases the power of your Fire spells.
   It falls into the 'Staves' category.
   It is a one-handed weapon.
 s - the staff of Feothrin (weapon) {rC+ Conj Necro}
   (You found it on level 3 of the Elven Halls)

   [staff of conjuration]

   Base accuracy: +5 Base damage: 5 Base attack delay: 1.2 This weapon's minimum
   attack delay (0.6) is reached at skill level 12.
   rC+:       It protects you from cold.
   Conj:      It increases the power of your Conjurations spells.
   Necro:     It increases the power of your Necromancy spells.
   It falls into the 'Staves' category.
   It is a one-handed weapon.
Jewellery
 b - the ring of Goihiwy {Ice rElec Will+ Int-4 SInv}
   (You bought it in a shop on level 15 of the Dungeon)

   [ring of ice]

   Ice:       It enhances your ice magic.
   Int-4:     It affects your intelligence (-4).
   rF-:       It makes you vulnerable to fire.
   rC+:       It protects you from cold.
   rElec:     It insulates you from electricity.
   Will+:     It increases your willpower.
   SInv:      It lets you see invisible.
 c - the ring of Summertime (left hand) {rPois rF+ rN+ Will-}
   (You found it on level 2 of the Elven Halls)

   [ring of positive energy]

   rF+:       It protects you from fire.
   rPois:     It protects you from poison rN+: It protects you from negative
   energy.
   Will-:     It decreases your willpower.
 h - the ring "Ohietevvex" {rPois rF+ Dex+6 Slay+2}
   (You found it on level 11 of the Dungeon)

   [ring of dexterity]

   Dex+6:     It affects your dexterity (+6).
   Slay+2:    It affects your accuracy & damage with ranged weapons and melee
   (+2).
   rF+:       It protects you from fire.
   rPois:     It protects you from poison
 q - the amulet "Cutao" (around neck) {Rampage Regen+ MP+9}
   (You found it on level 2 of the Vaults)

   [amulet of regeneration]

   MP+9:      It affects your magic capacity (+9).
   Regen+:    It increases your rate of health regeneration.
   Rampage:   It bestows one free step when moving towards enemies.
 B - the ring "Uppeskel" {Fly rN+ Int-5 Stlth+}
   (You took it off a vault warden on level 5 of the Vaults)

   [ring of positive energy]

   Int-5:     It affects your intelligence (-5).
   rN+:       It protects you from negative energy.
   Fly:       It grants you flight.
   Stlth+:    It makes you more stealthy.
 L - the ring of Feyluir {rElec rC+ Dex+6 SInv Stlth-}
   (You found it on level 1 of the Depths)

   [ring of dexterity]

   Dex+6:     It affects your dexterity (+6).
   rC+:       It protects you from cold.
   rElec:     It insulates you from electricity.
   SInv:      It lets you see invisible.
   Stlth-:    It makes you less stealthy.
 M - the ring "Waronof" (right hand) {+Blink rElec AC+4 Str+2 Stlth-}
   (You found it on level 3 of the Spider Nest)

   [ring of protection]

   AC+4:      It affects your AC (+4).
   Str+2:     It affects your strength (+2).
   rElec:     It insulates you from electricity.
   +Blink:    It lets you blink.
   Stlth-:    It makes you less stealthy.
 N - the amulet "Orphei" {Faith rN++ Dex-3}
   (You bought it in a shop in a bazaar)

   [amulet of faith]

   Faith:     It allows you to gain divine favour quickly.
   Dex-3:     It affects your dexterity (-3).
   rN++:      It greatly protects you from negative energy.
 Q - the amulet "Woric" {Spirit rPois rC+ MP+9 Str+5}
   (You found it on level 3 of the Lair of Beasts)

   [amulet of guardian spirit]

   Spirit:    It causes incoming damage to be divided between your reserves of
   health and magic.
   Str+5:     It affects your strength (+5).
   rC+:       It protects you from cold.
   rPois:     It protects you from poison MP+9: It affects your magic capacity
   (+9).
Wands
 m - a wand of digging (11)
 x - a wand of roots (34)
 C - a wand of paralysis (43)
 G - a wand of flame (80)
 H - a wand of quicksilver (43)
 U - a wand of mindburst (23)
 V - a wand of polymorph (31)
Scrolls
 g - 17 scrolls of teleportation
 v - 9 scrolls of revelation
 R - 3 scrolls of summoning
 X - 7 scrolls of enchant armour
 Z - 3 scrolls of blinking
Potions
 d - 9 potions of brilliance
 i - 17 potions of curing
 l - 7 potions of heal wounds
 p - 4 potions of haste
 D - 6 potions of invisibility
 J - 8 potions of enlightenment
 S - 3 potions of resistance
 T - 9 potions of ambrosia


   Skills:
 + Level 20.6 Fighting
 - Level 12.0 Armour
 - Level 17.0 Dodging
 - Level 1.5 Stealth
 - Level 13.5 Shields
 O Level 27 Spellcasting
 * Level 22.8 Conjurations
 * Level 22.8 Hexes
 * Level 22.8 Summonings
 * Level 22.8 Necromancy
 * Level 22.8 Translocations
 * Level 22.8 Fire Magic
 * Level 22.8 Ice Magic
 * Level 22.8 Air Magic
 * Level 22.8 Earth Magic
 * Level 22.8 Alchemy


You knew the following spells:

 Your Spells              Type           Power      Damage    Failure   Level
a - Magic Dart            Conj           100%       1d8       0%          1
b - Searing Ray           Conj           100%       2d8       0%          2
c - Fulminant Prism       Conj/Alch      72%        3d29      0%          4
d - Iskenderun's Mystic   Conj/Tloc      100%       2d19      0%          4
e - Apportation           Tloc           100%       N/A       0%          1
f - Call Imp              Summ           100%       N/A       0%          2
g - Scorch                Fire           100%       2d9       0%          2
h - Fugue of the Fallen   Necr           100%       N/A       0%          3
i - Martyr's Knell        Necr/Summ      100%       N/A       0%          4
j - Summon Mana Viper     Hex/Summ       100%       N/A       0%          5
k - Conjure Ball Lightni  Conj/Air       72%        3x3d27    1%          6
l - Bombard               Conj/Erth      72%        9d12      1%          6
m - Ozocubu's Refrigerat  Ice            59%        4d20      1%          7
n - Discord               Hex            59%        N/A       1%          8
o - Borgnjor's Revivific  Necr           72%        N/A       1%          8
Your spell library was empty.

Dungeon Overview and Level Annotations

Branches:
Dungeon (15/15)            Temple (1/1) D:4            Lair (5/5) D:11
  Swamp (4/4) Lair:2       Spider (4/4) Lair:2        Slime (0/5) Lair:5
    Orc (2/2) D:11            Elf (3/3) Orc:2        Vaults (5/5) D:13
  Crypt (0/3) Vaults:2     Depths (2/4) D:15         Bailey (visited)
  IceCv (visited)         Gauntlet (visited)

Altars:
Ashenzari
Cheibriados
Dithmenos
Elyvilon
Fedhas
Gozag
Hepliaklqana
Makhleb
Nemelex Xobeh
Okawaru
Qazlal
Ru
Trog
Uskayaw
Wu Jian
Xom
Yredelemnul
Zin
The Shining One
Jiyva

Shops:
D:8 (   D:11 *   D:13 !   D:15 ==[   Orc:1 ![=[?   Orc:2 (!=?*   Elf:2 [
Vaults:3 :   Vaults:5 !!!?

Portals:
Hell: Depths:1
Trove: Elf:2 (give 2 scrolls of acquirement)

Annotations:
D:13 1 transporter, Mallanif's ghost, journeyman GnSh
Lair:4 exclusion: oklob plant
Swamp:3 2 transporters, Vorhees's ghost, adept DjEE
Spider:1 2 transporters, Armakuni's ghost, adept DEGl
Orc:1 2 transporters, Tinen's ghost, journeyman TrMo
Depths:1 3 runed translucent doors, Janeylunn's ghost, veteran GnWn; frimble's ghost, adept DsGl; strangelove's ghost, master GrEE


Innate Abilities, Weirdness & Mutations

You are immune to sickness and miasma.
You are immune to poison.
Your flesh is very heat resistant. (rF++)
You are vulnerable to cold. (rC-)
You float through the air rather than walking.
You learn spells naturally, not from books.
Your magical power is your life essence.
You have superior vitality. (+4 MHP)


Message History

The mystic blast hits the fire giant but does no damage.
The fire giant is severely wounded.
The mystic blast hits the fire giant.
The fire giant is almost dead.
The fire giant is knocked back by the mystic blast.
The fire giant hits the sphinx with a +1 great sword of flaming!!!
The fire giant burns the sphinx!!
The sphinx dies!
Makhleb accepts your kill. The glass eye gazes at you.
Your body becomes as fragile as glass!
Unknown command.
Unknown command.
Unknown command.
Unknown command.
Unknown command.
Casting: Iskenderun's Mystic Blast (safe; 0% risk of failure)
Confirm with . or Enter, or press ? or * to list all spells.
You feel a surge of power!
You erupt in a blast of force!
The mystic blast hits the fire giant.
The fire giant is almost dead.
The fire giant is knocked back by the mystic blast.
The mystic blast hits the iron troll!!
The iron troll is almost dead.
The iron troll is knocked back by the mystic blast.
The mystic blast hits the fire giant!!
The fire giant is almost dead.
The fire giant hits you with a +1 great sword of flaming!
* * * LOW HITPOINT WARNING * * *
The fire giant burns you.
* * * LOW HITPOINT WARNING * * *
A shock serpent comes into view.
Unknown command.
Unknown command.
Unknown command.
Unknown command.
Unknown command.
Unknown command.
The fire giant hits you with a +1 great sword of flaming!!
You die...

.#.... .. #......
.§§§. .....§.≈
.§§§§ ......§≈
.§§§G# ....)[§§
..§.†.###..[.)≈≈≈
≈....[C.[..[.[.≈.
§......C.##†.....
§.....[@.....#
§§.....)..[..##
..........(.....
.§§....pT.....§.§
.............≈§§§
..........≈≈≈≈.§§
........S..≈§†...
................p
.........p.......


You could see a fire giant (poisoned), an iron troll, a hell knight (slow), a
shock serpent, a glass eye and a neutral fire giant (fast, strong, frenzied).

Vanquished Creatures
  3 dread liches (Vaults:5)
  A juggernaut (Depths:1)
  Bai Suzhen (Swamp:3)
  Nikola (Spider:1)
  2 golden dragons
  The ghost of TPoD the Slayer, an adept HOMo of Beogh (Vaults:3)
  Mlioglotl (Swamp:4)
  Rupert (Lair:5)
  A tentacled monstrosity (Vaults:5)
  2 liches
  2 titans (Vaults:5)
  3 deep elf master archers (Elf:3)
  7 deep elf blademasters
  A sphinx (Vaults:5)
  4 tengu reavers (Vaults:5)
  3 thorn hunters (Swamp:4)
  Aizul (Swamp:2)
  3 shadow dragons (Vaults:5)
  3 deep elf sorcerers
  Donald (Vaults:1)
  4 fenstrider witches
  5 fire giants
  4 ghost moths
  A balrug (Depths:1)
  5 emperor scorpions
  5 frost giants
  10 vault wardens
  4 deep elf elementalists (Elf:3)
  2 iron dragons (Depths:1)
  A reaper (IceCv)
  2 ghouls (Swamp:4)
  3 orc warlords
  2 hydra zombies (Swamp:4)
  3 broodmothers (Spider:4)
  3 formless jellyfish
  A spriggan defender (Depths:1)
  16 ironbound preservers
  12 ironbound thunderhulks
  11 very ugly things
  The ghost of Igieh the Carver, a journeyman DsFi of Hepliaklqana (Elf:2)
  The ghost of Jyxew the Carver, a journeyman DsFi of Hepliaklqana (Elf:2)
  2 vampire knights (Depths:1)
  5 deep elf death magi
  7 stone giants
  2 eleionomae
  2 deep elf demonologists
  2 war gargoyles
  8 spark wasps
  A minotaur (Gauntlet)
  4 deep elf annihilators (Elf:3)
  3 bunyips
  Azrael (Orc:2)
  A crystal guardian (Vaults:4)
  9 yaktaur captains
  11 ettins
  5 deep elf high priests
  7 fire dragons
  2 entropy weavers
  3 shambling mangroves
  Harold (D:9)
  2 ice dragons (Depths:1)
  4 great orbs of eyes
  The ghost of ymhsbmbesitwf the Cleaver, a journeyman FoFi of the Shining One (D:11)
  4 vault guards
  3 peacekeepers
  17 hydras
  3 radroaches
  4 ogre magi
  A hell beast (Depths:1)
  2 spriggan air magi (Depths:1)
  3 rakshasas
  A catoblepas (Gauntlet)
  6 centaur warriors
  9 alligators
  2 death knights (Vaults:2)
  8 ironbound frosthearts
  32 dancing weapons
  8 two-headed ogres
  3 tengu warriors
  A ghost crab (Spider:3)
  9 death yaks
  4 jorogumos
  2 deep troll shamans (Depths:1)
  8 boulder beetles
  4 orc high priests
  6 deep troll earth magi
  A vampire mage (Depths:1)
  An occultist (Depths:1)
  A hell hog (Lair:5)
  A spriggan berserker (Depths:1)
  4 demonic crawlers
  13 deep elf knights
  A skyshark (Lair:5)
  4 iron trolls
  4 pharaoh ants (Spider:2)
  2 skeletal warriors (D:11)
  2 goliath frogs
  5 spriggan druids
  A deep troll (shapeshifter) (Vaults:2)
  21 deep trolls
  5 orb spiders
  A glowing orange brain (Depths:1)
  A mana viper (shapeshifter) (Vaults:5)
  14 ironbound convokers
  6 deep elf archers
  2 flayed ghosts
  An orb spider (shapeshifter) (Depths:1)
  Pikel (D:8)
  3 arcanists
  A bog body (Swamp:3)
  A spectral hydra (Swamp:4)
  An obsidian statue (D:14)
  3 sun moths
  7 swamp dragons
  6 steelbarb worms
  9 lindwurms
  20 deep elf zephyrmancers
  5 harpies (Vaults:5)
  5 necromancers
  5 phantasmal warriors
  32 deep elf pyromancers
  10 orc knights
  2 manticores
  25 ugly things
  5 orc sorcerers
  Maurice (D:8)
  A manticore (shapeshifter) (Vaults:2)
  19 wolf spiders
  A faun (shapeshifter) (Vaults:5)
  3 oklob plants (Swamp:4)
  5 will-o-the-wisps
  9 cyclopes
  9 meliai
  2 stone giant skeletons (Vaults:2)
  Joseph (D:9)
  A water nymph (shapeshifter) (Vaults:2)
  4 kobold blastminers
  10 elephants
  2 ice statues (IceCv)
  13 black mambas
  A guardian serpent (Lair:5)
  14 vault sentinels
  4 torpor snails
  15 cane toads
  2 unseen horrors
  18 yaktaurs
  A torpor snail (shapeshifter) (Vaults:5)
  An unseen horror (shapeshifter) (D:14)
  Maggie (D:8)
  8 komodo dragons
  6 ice devils (IceCv)
  8 rime drakes
  6 kobold demonologists
  3 freezing wraiths
  6 trolls
  16 polar bears
  12 tyrant leeches
  A bloated husk (Swamp:2)
  13 hornets
  27 tarantellas
  4 glass eyes
  2 raiju (Lair:5)
  2 hydra skeletons (Swamp:4)
  Prince Ribbit (D:8)
  A snapping turtle (shapeshifter) (Vaults:2)
  A deep troll zombie (Vaults:2)
  5 dream sheep (Lair:5)
  41 jumping spiders
  17 blink frogs
  21 slime creatures
  A vampire (D:12)
  55 yaks
  2 air elementals
  12 culicivoras
  17 wyverns
  A dire elephant simulacrum (IceCv)
  A centaur simulacrum (D:11)
  12 spriggans
  7 fire elementals
  5 wraiths
  A warg (shapeshifter) (Elf:1)
  8 wargs
  4 steam dragons
  7 basilisks
  8 water elementals
  45 redbacks
  14 vampire mosquitoes
  A redback (shapeshifter) (Vaults:2)
  2 death yak simulacra
  12 swamp worms
  6 hydra simulacra
  3 acid dragons
  13 hell hounds (Lair:5)
  An ogre skeleton (Vaults:2)
  27 water moccasins
  8 swamp drakes
  14 black bears
  18 orc warriors
  An ice beast (D:7)
  A swamp dragon zombie (Swamp:4)
  2 boggarts (Vaults:3)
  14 wolves
  12 ogres
  An ogre (shapeshifter) (Vaults:2)
  2 swamp dragon skeletons (Swamp:4)
  3 centaurs (D:9)
  2 lemures (D:8)
  13 kobold brigands
  10 bullfrogs
  4 two-headed ogre simulacra
  2 cane toad simulacra (IceCv)
  4 scorpions
  2 earth elementals
  9 wights
  2 elephant simulacra (IceCv)
  A killer bee (D:9)
  6 electric eels
  8 howler monkeys
  2 crimson imps (D:14)
  3 bombardier beetles (D:5)
  2 quasits (D:14)
  22 orc priests
  2 sleepcaps
  4 hounds
  Ijyb (D:4)
  2 iguanas
  28 orc wizards
  2 troll simulacra (IceCv)
  2 polar bear simulacra
  4 spriggan simulacra
  A wolf simulacrum (IceCv)
  11 gnolls
  7 adders
  2 naga simulacra (D:12)
  2 swamp drake zombies (Swamp:4)
  A swamp drake skeleton (Swamp:4)
  2 shadow imps
  2 white imps (IceCv)
  4 ufetubi
  2 ribbon worms
  3 dart slugs
  73 orcs
  5 endoplasms
  2 giant cockroaches (D:1)
  12 goblins
  9 hobgoblins
  2 jackals (D:2)
  53 kobolds
  8 quokkas
  4 ball pythons
  4 bats
  6 frilled lizards
  7 rats
  A fulminant prism (D:13)
1633 creatures vanquished.

Vanquished Creatures (collateral kills)
  A sphinx (Depths:2)
  A frost giant (Vaults:5)
  A vault warden (Vaults:3)
  A ghost moth (Spider:4)
  2 ironbound preservers
  4 stone giants
  A very ugly thing (Depths:2)
  A deep elf annihilator (Vaults:5)
  An ettin (Vaults:5)
  2 yaktaur captains (Vaults:5)
  A deep elf high priest (Vaults:5)
  An ice dragon (Depths:2)
  2 spriggan air magi (Depths:2)
  22 vault guards (Vaults:5)
  3 deep troll shamans
  A centaur warrior (D:15)
  A spriggan berserker (Depths:2)
  5 hell knights
  2 occultists
  3 iron trolls (Depths:2)
  A shadow wraith (Vaults:2)
  5 deep trolls
  2 arcanists
  5 ironbound convokers
  An orc knight (D:15)
  A necromancer (Depths:2)
  An orc sorcerer (D:15)
  8 ugly things
  2 vault sentinels
  A freezing wraith (D:15)
  3 yaktaurs (Vaults:3)
  A tengu conjurer (Depths:2)
  A troll (Vaults:5)
  A spriggan (Depths:2)
  3 orc warriors
  4 centaurs (D:15)
  A boggart (Vaults:3)
  An ogre (D:15)
  An orc wizard (D:15)
  10 orcs
  4 ball lightnings (Spider:4)
113 creatures vanquished.

Vanquished Creatures (others)
  An ironbound preserver (Vaults:3)
  A vampire knight (Depths:2)
  A hydra (Swamp:2)
  A vault guard (Vaults:5)
  A centaur warrior (Vaults:3)
  A tengu warrior (Depths:2)
  A deep troll shaman (Depths:2)
  A deep troll earth mage (Depths:2)
  2 deep trolls (Depths:2)
  An ironbound convoker (Vaults:3)
  A yaktaur (Vaults:3)
  A hornet (Depths:2)
  A tyrant leech (Spider:3)
  A swamp worm (Swamp:2)
  An orc wizard (Orc:2)
  An ufetubus (IceCv)
  3 ball lightnings
  25 foxfires
  260 fulminant prisms
305 creatures vanquished.

Grand Total: 2051 creatures vanquished

Notes
Turn   | Place    | Note
-------+----------+-------------------------------------------
     0 | D:1      | shadizar the Djinni Conjurer began the quest for the Orb.
     0 | D:1      | shadizar set off with the following spells memorised: Magic
                  | Dart, Searing Ray, Fulminant Prism, Iskenderun's Mystic
                  | Blast.
     0 | D:1      | Reached XP level 1. HP: 15/15 MP: 0/0
   116 | D:1      | Reached XP level 2. HP: 17/22 MP: 0/0
   143 | D:1      | Reached skill level 1 in Fighting
   184 | D:1      | Found a faded altar of an unknown god.
   588 | D:1      | Reached XP level 3. HP: 25/27 MP: 0/0
   588 | D:1      | Learned a level 1 spell: Apportation
   891 | D:2      | Reached skill level 4 in Spellcasting
   891 | D:2      | Reached XP level 4. HP: 13/34 MP: 0/0
  1251 | D:2      | Reached XP level 5. HP: 19/40 MP: 0/0
  1251 | D:2      | Learned a level 2 spell: Call Imp
  2642 | D:4      | Reached XP level 6. HP: 44/47 MP: 0/0
  2712 | D:4      | Identified the +2 robe "Acawn" {Fly Will- Dex+5 SInv}
  2792 | D:4      | Found a shimmering altar of Xom.
  2852 | D:4      | Noticed Ijyb
  2864 | D:4      | Killed Ijyb
  2978 | D:4      | Found a staircase to the Ecumenical Temple.
  2991 | Temple   | Entered the Ecumenical Temple
  2997 | D:4      | Noticed a black bear
  3007 | D:4      | Killed a black bear
  3008 | D:4      | Reached skill level 5 in Spellcasting
  3008 | D:4      | Reached skill level 5 in Conjurations
  3008 | D:4      | Reached skill level 5 in Hexes
  3008 | D:4      | Reached skill level 5 in Summonings
  3008 | D:4      | Reached skill level 5 in Necromancy
  3008 | D:4      | Reached skill level 5 in Translocations
  3008 | D:4      | Reached skill level 5 in Fire Magic
  3008 | D:4      | Reached skill level 5 in Ice Magic
  3008 | D:4      | Reached skill level 5 in Air Magic
  3008 | D:4      | Reached skill level 5 in Earth Magic
  3008 | D:4      | Reached skill level 5 in Alchemy
  3472 | D:5      | Entered Level 5 of the Dungeon
  3484 | D:5      | Reached XP level 7. HP: 38/53 MP: 0/0
  3484 | D:5      | Learned a level 2 spell: Scorch
  3536 | D:5      | Reached skill level 5 in Fighting
  3743 | D:5      | You are sucked into a shaft and drop 1 floor!
  3744 | D:6      | Found a sacrificial altar of Ru.
  3767 | D:6      | Reached XP level 8. HP: 48/61 MP: 0/0
  3783 | D:6      | Found a stormy altar of Qazlal.
  4111 | D:5      | Reached skill level 6 in Spellcasting
  4469 | D:6      | Found a glowing silver altar of Zin.
  4475 | D:6      | Found an opulent altar of Gozag.
  4477 | D:6      | Found a burning altar of Makhleb.
  4482 | D:6      | Became a worshipper of Makhleb the Destroyer
  5091 | D:7      | Reached XP level 9. HP: 67/67 MP: 0/0
  5091 | D:7      | Learned a level 3 spell: Fugue of the Fallen
  5169 | D:7      | Reached * piety under Makhleb
  5270 | D:7      | Identified the +1 quarterstaff "Fouryll" {holy, rElec rN+}
  5474 | D:7      | Reached skill level 7 in Spellcasting
  5743 | D:8      | Noticed Maggie
  5758 | D:8      | Killed Maggie
  5758 | D:8      | Noticed Prince Ribbit
  5759 | D:8      | Reached skill level 5 in Dodging
  5763 | D:8      | Killed Prince Ribbit
  5793 | D:8      | Reached XP level 10. HP: 60/76 MP: 0/0
  5797 | D:8      | Reached skill level 8 in Spellcasting
  5802 | D:8      | Noticed Pikel
  5808 | D:8      | Killed Pikel
  5808 | D:8      | Reached ** piety under Makhleb
  5879 | D:8      | Noticed Maurice
  5887 | D:8      | Killed Maurice
  5984 | D:8      | Found Kicucoon's Antique Weapon Boutique.
  6191 | D:9      | Found an iron altar of Okawaru.
  6207 | D:9      | Reached skill level 9 in Spellcasting
  6274 | D:9      | Found a hazy altar of Hepliaklqana.
  6307 | D:9      | Found a shadowy altar of Dithmenos.
  6314 | D:9      | Reached XP level 11. HP: 59/84 MP: 0/0
  6314 | D:9      | Learned a level 4 spell: Martyr's Knell
  6327 | D:9      | Noticed a two-headed ogre
  6396 | D:9      | Found a flagged portal.
  6407 | Bailey   | Entered a bailey
  6516 | Bailey   | Noticed an orc knight
  6521 | Bailey   | Reached *** piety under Makhleb
  6525 | Bailey   | Killed an orc knight
  6592 | Bailey   | Identified the +5 kite shield of the Arcane {rCorr Int+6
                  | Dex-5}
  6807 | D:9      | Noticed a cyclops
  6813 | D:9      | Killed a cyclops
  6835 | D:9      | Found a blossoming altar of Fedhas.
  6908 | D:9      | Killed a two-headed ogre
  6909 | D:9      | Reached skill level 10 in Spellcasting
  6909 | D:9      | Reached skill level 10 in Conjurations
  6909 | D:9      | Reached skill level 10 in Hexes
  6909 | D:9      | Reached skill level 10 in Summonings
  6909 | D:9      | Reached skill level 10 in Necromancy
  6909 | D:9      | Reached skill level 10 in Translocations
  6909 | D:9      | Reached skill level 10 in Fire Magic
  6909 | D:9      | Reached skill level 10 in Ice Magic
  6909 | D:9      | Reached skill level 10 in Air Magic
  6909 | D:9      | Reached skill level 10 in Earth Magic
  6909 | D:9      | Reached skill level 10 in Alchemy
  6912 | D:9      | Noticed Harold
  6922 | D:9      | Killed Harold
  6923 | D:9      | Reached skill level 10 in Fighting
  6971 | D:9      | Noticed Joseph
  6977 | D:9      | Killed Joseph
  7378 | D:10     | Entered Level 10 of the Dungeon
  7418 | D:10     | Identified the beast talisman of Resourcefulness {Str+2
                  | Int+2 Stlth+}
  7523 | D:10     | Reached XP level 12. HP: 84/92 MP: 0/0
  7525 | D:10     | Reached skill level 1 in Shields
  7640 | D:10     | Reached **** piety under Makhleb
  7668 | D:10     | Found a snail-covered altar of Cheibriados.
  7835 | D:11     | Found a staircase to the Lair.
  7836 | D:11     | Found a runed translucent door.
  7849 | D:11     | Noticed a centaur warrior
  7857 | D:11     | Killed a centaur warrior
  7884 | D:11     | Found a staircase to the Orcish Mines.
  7945 | D:11     | Reached skill level 11 in Spellcasting
  7968 | D:11     | Found a runed translucent door.
  7997 | D:11     | Found Zohuzam's Assorted Antiques.
  8005 | D:11     | Bought an encrusted scale mail for 288 gold pieces
  8005 | D:11     | Identified the +3 scale mail of Gallantry {Fly} (You bought
                  | it in a shop on level 11 of the Dungeon)
  8156 | D:11     | Noticed ymhsbmbesitwf's ghost (journeyman FoFi)
  8156 | D:11     | Noticed an ettin
  8156 | D:11     | Noticed an ettin
  8157 | D:11     | Noticed a skeletal warrior
  8158 | D:11     | Noticed a skeletal warrior
  8161 | D:11     | Noticed a lich
  8407 | Lair:1   | Entered Level 1 of the Lair of Beasts
  8525 | Lair:1   | Found a gate leading to a gauntlet.
  8542 | Gauntlet | Entered a Gauntlet
  8542 | Gauntlet | Found a transporter.
  8551 | Gauntlet | Found a transporter.
  8561 | Gauntlet | Noticed a quicksilver ooze
  8569 | Gauntlet | Found a transporter.
  8572 | Gauntlet | Found a transporter.
  8594 | Gauntlet | Found a transporter.
  8598 | Gauntlet | Noticed a fire crab
  8607 | Gauntlet | Found a transporter.
  8621 | Gauntlet | Found a transporter.
  8647 | Gauntlet | Found a transporter.
  8648 | Gauntlet | Found a transporter.
  8654 | Gauntlet | Found a transporter.
  8662 | Gauntlet | Noticed a balrug
  8671 | Gauntlet | Noticed a catoblepas
  8675 | Gauntlet | Found a runed translucent door.
  8683 | Gauntlet | Found a transporter.
  8683 | Gauntlet | Found a transporter.
  9032 | Gauntlet | Killed a catoblepas
  9033 | Gauntlet | Reached skill level 10 in Dodging
  9075 | Gauntlet | Identified the +4 pair of gloves of Qahoemedgh {rPois rN+
                  | Str+3 Slay-6}
  9112 | Gauntlet | Noticed a minotaur
  9120 | Gauntlet | Killed a minotaur
  9531 | Lair:1   | Identified the +0 robe of Piowikhi {rF- Int+5}
  9611 | Lair:1   | Reached XP level 13. HP: 99/99 MP: 0/0
  9611 | Lair:1   | Learned a level 5 spell: Summon Mana Viper
  9733 | Lair:1   | Reached ***** piety under Makhleb
 10024 | Lair:2   | Found a hole to the Spider Nest.
 10145 | Lair:2   | Reached skill level 5 in Shields
 10378 | Lair:2   | Found a staircase to the Swamp.
 10917 | Lair:3   | Reached skill level 12 in Spellcasting
 10950 | Lair:3   | Noticed a five-headed hydra
 10957 | Lair:3   | Killed a five-headed hydra
 11292 | Lair:3   | Identified the amulet "Woric" {Spirit rPois rC+ MP+9 Str+5}
 11930 | Lair:4   | Noticed a seven-headed hydra
 11937 | Lair:4   | Killed a seven-headed hydra
 11989 | Lair:4   | Reached skill level 1 in Armour
 12002 | Lair:4   | Noticed an eight-headed hydra
 12004 | Lair:4   | Killed an eight-headed hydra
 12005 | Lair:4   | Reached XP level 14. HP: 106/107 MP: 0/0
 13109 | Lair:5   | Entered Level 5 of the Lair of Beasts
 13135 | Lair:5   | Reached skill level 13 in Spellcasting
 13325 | Lair:5   | Reached ****** piety under Makhleb
 13328 | Lair:5   | Reached XP level 15. HP: 103/113 MP: 0/0
 13328 | Lair:5   | Learned a level 6 spell: Conjure Ball Lightning
 13573 | Lair:5   | Reached skill level 5 in Armour
 13988 | Lair:5   | Reached skill level 14 in Spellcasting
 14190 | Lair:5   | Found a viscous altar of Jiyva.
 14190 | Lair:5   | Found a staircase to the Slime Pits.
 14270 | Lair:5   | Noticed Rupert
 14279 | Lair:5   | Killed Rupert
 14981 | Orc:1    | Entered Level 1 of the Orcish Mines
 14984 | Orc:1    | Found Sah Fol's Distillery.
 15024 | Orc:1    | Found a transporter.
 15036 | Orc:1    | Noticed Tinen's ghost (journeyman TrMo)
 15177 | Orc:1    | Found Erreijat's Magic Scroll Emporium.
 15227 | Orc:1    | Found Ujudun's Armour Shop.
 15291 | Orc:1    | Found a transporter.
 15292 | Orc:1    | Found Seomatiwke's Armour Emporium.
 15334 | Orc:1    | Found a transporter.
 15543 | Orc:1    | Found Cusesch's Jewellery Shoppe.
 15583 | Orc:1    | Found a transporter.
 15882 | Orc:2    | Entered Level 2 of the Orcish Mines
 15911 | Orc:2    | Found Bifima's Weapon Shoppe.
 16037 | Orc:2    | Found a staircase to the Elven Halls.
 16082 | Orc:2    | Reached XP level 16. HP: 109/121 MP: 0/0
 16256 | Orc:2    | Noticed Azrael
 16268 | Orc:2    | Killed Azrael
 16321 | Orc:2    | Found Zeatwuci's General Store.
 16321 | Orc:2    | Found Hesyoj's Magic Scroll Boutique.
 16322 | Orc:2    | Found Desuy's Jewellery Emporium.
 16322 | Orc:2    | Found Igittich's Distillery.
 16644 | D:12     | Found a frozen archway.
 16682 | IceCv    | Entered an ice cave
 17806 | D:13     | Noticed Mallanif's ghost (journeyman GnSh)
 17861 | D:13     | Found Aloemor's Distillery.
 17962 | D:13     | Found a transporter.
 18052 | D:13     | Found a gate to the Vaults.
 18815 | Swamp:1  | Entered Level 1 of the Swamp
 19009 | Swamp:1  | Reached skill level 15 in Spellcasting
 19009 | Swamp:1  | Reached skill level 15 in Conjurations
 19009 | Swamp:1  | Reached skill level 15 in Hexes
 19009 | Swamp:1  | Reached skill level 15 in Summonings
 19009 | Swamp:1  | Reached skill level 15 in Necromancy
 19009 | Swamp:1  | Reached skill level 15 in Translocations
 19009 | Swamp:1  | Reached skill level 15 in Fire Magic
 19009 | Swamp:1  | Reached skill level 15 in Ice Magic
 19009 | Swamp:1  | Reached skill level 15 in Air Magic
 19009 | Swamp:1  | Reached skill level 15 in Earth Magic
 19009 | Swamp:1  | Reached skill level 15 in Alchemy
 19379 | Swamp:2  | Reached skill level 10 in Shields
 19452 | Swamp:2  | Reached XP level 17. HP: 103/129 MP: 0/0
 19452 | Swamp:2  | Learned a level 6 spell: Bombard
 19842 | Swamp:2  | Identified the serpent talisman "Qadoniv" {rF- rCorr SInv}
 19842 | Swamp:2  | Noticed Aizul
 19849 | Swamp:2  | Killed Aizul
 20026 | Swamp:3  | Noticed Bai Suzhen
 20039 | Swamp:3  | Killed Bai Suzhen
 20293 | Swamp:3  | Found a transporter.
 20293 | Swamp:3  | Noticed Vorhees's ghost (adept DjEE)
 20312 | Swamp:3  | Noticed a tentacled monstrosity
 20401 | Swamp:3  | Found a transporter.
 20402 | Swamp:3  | Noticed a thorn hunter
 20613 | Swamp:3  | Identified a scroll of acquirement
 20617 | Swamp:3  | Acquired a manual of Spellcasting
 20628 | Swamp:4  | Entered Level 4 of the Swamp
 20743 | Swamp:4  | Paralysed by a fenstrider witch for 2 turns
 20874 | Swamp:4  | Noticed Mlioglotl
 20884 | Swamp:4  | Killed Mlioglotl
 20919 | Swamp:4  | Paralysed by a fenstrider witch for 4 turns
 20947 | Swamp:4  | Found a runed translucent door.
 20948 | Swamp:4  | Found the +10 morningstar "Eos" {elec, Halo rElec}
 21275 | Swamp:4  | Reached skill level 16 in Spellcasting
 21291 | Swamp:4  | Noticed a thorn hunter
 21300 | Swamp:4  | Killed a thorn hunter
 21324 | Swamp:4  | Noticed a thorn hunter
 21336 | Swamp:4  | Killed a thorn hunter
 21355 | Swamp:4  | Reached XP level 18. HP: 90/137 MP: 0/0
 21412 | Swamp:4  | Found a blossoming altar of Fedhas.
 21454 | Swamp:4  | Found a basalt altar of Yredelemnul.
 21751 | Swamp:4  | Got a decaying rune of Zot
 22722 | D:14     | Reached skill level 15 in Fighting
 23257 | Spider:1 | Entered Level 1 of the Spider Nest
 23263 | Spider:1 | Reached skill level 15 in Dodging
 23287 | Spider:1 | Noticed Nikola
 23413 | Spider:1 | Killed Nikola
 23414 | Spider:1 | Reached skill level 17 in Spellcasting
 23519 | Spider:1 | Noticed Armakuni's ghost (adept DEGl)
 23546 | Spider:1 | Found a transporter.
 23554 | Spider:1 | Found a transporter.
 25172 | Spider:3 | Reached skill level 10 in Armour
 25274 | Spider:3 | Identified the ring "Waronof" {+Blink rElec AC+4 Str+2
                  | Stlth-}
 25381 | Spider:3 | Reached XP level 19. HP: 140/143 MP: 0/0
 25381 | Spider:3 | Learned a level 7 spell: Ozocubu's Refrigeration
 25915 | Spider:4 | Entered Level 4 of the Spider Nest
 26272 | Spider:4 | Reached skill level 18 in Spellcasting
 27019 | Spider:4 | Got a gossamer rune of Zot
 27592 | D:11     | Killed ymhsbmbesitwf's ghost
 27613 | D:11     | Killed a lich
 27672 | D:11     | Identified the ring "Ohietevvex" {rPois rF+ Dex+6 Slay+2}
 27711 | D:11     | Upgraded the game from 0.31.0-10-gcf4a605ca0 to
                  | 0.31.0-11-ge490571c62
 27786 | Elf:1    | Entered Level 1 of the Elven Halls
 28027 | Elf:1    | Reached skill level 19 in Spellcasting
 28140 | Elf:1    | Reached XP level 20. HP: 149/151 MP: 0/0
 28672 | Elf:2    | Identified the +2 robe of Yvvy {Int+4 Dex-5}
 28721 | Elf:2    | Found Nocuph's Antique Armour Shoppe.
 28855 | Elf:2    | Found a runed translucent gate.
 28855 | Elf:2    | Found a runed translucent gate.
 28855 | Elf:2    | Found a runed translucent gate.
 28857 | Elf:2    | Noticed Igieh's ghost (journeyman DsFi)
 28857 | Elf:2    | Noticed Jyxew's ghost (journeyman DsFi)
 28946 | Elf:2    | Paralysed by an air elemental for 1 turns
 29006 | Elf:2    | Found a portal to a secret trove of treasure.
 29062 | Elf:2    | Found a huge runed translucent gate.
 29064 | Elf:2    | Found a huge runed translucent gate.
 29064 | Elf:2    | Found a huge runed translucent gate.
 29065 | Elf:2    | Found a huge runed translucent gate.
 29065 | Elf:2    | Found a huge runed translucent gate.
 29245 | Elf:2    | Killed Igieh's ghost
 29253 | Elf:2    | Killed Jyxew's ghost
 29264 | Elf:2    | Identified the staff "Koetiki" {rF+ rN+ Int+6 Fire}
 29281 | Elf:2    | Identified the ring of Summertime {rPois rF+ rN+ Will-}
 30001 | Elf:3    | Entered Level 3 of the Elven Halls
 30689 | Elf:3    | Reached skill level 20 in Spellcasting
 31097 | Elf:3    | Reached XP level 21. HP: 152/158 MP: 0/0
 31097 | Elf:3    | Learned a level 8 spell: Discord
 31538 | Elf:3    | Identified the +1 morningstar "Dochis" {speed, ^Drain rElec
                  | rN+++}
 31574 | Elf:3    | Identified the +4 long sword "Rypsi" {antimagic, +Blink
                  | rElec}
 31611 | Elf:3    | Identified the staff "Rokalay" {rElec Dex+5 Air}
 31641 | Elf:3    | Identified the +4 war axe of the Radish {elec, *Rage
                  | ^Fragile rF+++ Stlth+}
 31646 | Elf:3    | Identified the staff of Feothrin {rC+ Conj Necro}
 32082 | Vaults:1 | Entered Level 1 of the Vaults
 32435 | Vaults:1 | Reached skill level 21 in Spellcasting
 32634 | Vaults:1 | Noticed Donald
 32642 | Vaults:1 | Killed Donald
 32935 | Vaults:1 | Identified the +2 chain mail of Buopsups {^Drain +Blink
                  | rElec rPois}
 32992 | Vaults:1 | Identified the +1 robe of the Pleiades {Int+3}
 33389 | Vaults:2 | Found a flickering gateway to a bazaar.
 33416 | Bazaar   | Entered a bazaar
 33419 | Bazaar   | Found Poekhoc's General Store.
 33420 | Bazaar   | Found Zykhi's Magic Scroll Shoppe.
 33436 | Bazaar   | Found Agyin's Antique Armour Shoppe.
 33436 | Bazaar   | Found Nuolehu's Jewellery Emporium.
 33446 | Bazaar   | Bought the +2 hat of the Bear Spirit {Spirit, Bear, *Rage
                  | Will++} for 1116 gold pieces
 33446 | Bazaar   | Found the +2 hat of the Bear Spirit {Spirit, Bear, *Rage
                  | Will++}
 33470 | Bazaar   | Bought a scroll of enchant armour for 105 gold pieces
 33470 | Bazaar   | Bought a scroll of enchant armour for 105 gold pieces
 33478 | Bazaar   | Bought a potion of invisibility for 136 gold pieces
 33478 | Bazaar   | Bought the amulet "Orphei" {Faith rN++ Dex-3} for 870 gold
                  | pieces
 34366 | Vaults:2 | Reached skill level 22 in Spellcasting
 34540 | Vaults:2 | Identified the amulet "Cutao" {Rampage Regen+ MP+9}
 34675 | Vaults:2 | Found a staircase to the Crypt.
 34953 | Vaults:3 | Reached XP level 22. HP: 166/168 MP: 0/0
 35030 | Vaults:3 | Found a runed translucent door.
 35204 | Vaults:3 | Found Ticohuegg's Book Shoppe.
 35572 | Vaults:3 | Reached skill level 23 in Spellcasting
 35650 | Vaults:3 | Noticed TPoD's ghost (adept HOMo)
 35673 | Vaults:3 | Killed TPoD's ghost
 36274 | Vaults:4 | Noticed a golden dragon
 36277 | Vaults:4 | Killed a golden dragon
 36890 | Vaults:4 | Reached skill level 24 in Spellcasting
 37043 | Vaults:5 | Entered Level 5 of the Vaults
 37050 | Vaults:5 | Reached XP level 23. HP: 164/176 MP: 0/0
 37050 | Vaults:5 | Learned a level 8 spell: Borgnjor's Revivification
 37210 | Vaults:5 | Identified the ring "Uppeskel" {Fly rN+ Int-5 Stlth+}
 37319 | Vaults:5 | Got a silver rune of Zot
 37340 | Vaults:5 | Noticed a dread lich
 37349 | Vaults:5 | Killed a dread lich
 37383 | Vaults:5 | Identified the +2 robe of Indomitability {rC+ Int+5 Slay-6}
 37441 | Vaults:5 | Reached skill level 25 in Spellcasting
 37937 | Vaults:5 | Found Sill's Distillery.
 37937 | Vaults:5 | Found Iwnao's Distillery.
 38084 | Vaults:5 | Found Licsi's Magic Scroll Shop.
 38089 | Vaults:5 | Bought a scroll of enchant armour for 172 gold pieces
 38108 | Vaults:5 | Found Loubebli's Distillery.
 38173 | Vaults:5 | Identified the amulet "Dinkia" {Faith +Blink rC- Slay+3}
 38489 | Vaults:5 | Noticed a dread lich
 38492 | Vaults:5 | Killed a dread lich
 38622 | Vaults:5 | Noticed a dread lich
 38627 | Vaults:5 | Killed a dread lich
 39092 | D:15     | Entered Level 15 of the Dungeon
 39116 | D:15     | Reached skill level 26 in Spellcasting
 39151 | D:15     | Found Tuylixt's Jewellery Boutique.
 39156 | D:15     | Bought the ring of Goihiwy {Ice rElec Will+ Int-4 SInv} for
                  | 565 gold pieces
 39261 | D:15     | Reached XP level 24. HP: 177/177 MP: 0/0
 39437 | D:15     | Found a staircase to the Depths.
 39493 | D:15     | Found Loraupp's Jewellery Emporium.
 39496 | D:15     | Found Baeterouq's Armour Shop.
 39656 | Depths:1 | Entered Level 1 of the Depths
 39769 | Depths:1 | Noticed a juggernaut
 39772 | Depths:1 | Identified the ring of Feyluir {rElec rC+ Dex+6 SInv
                  | Stlth-}
 39886 | Depths:1 | Found a gateway to Hell.
 40296 | Depths:1 | Found a runed translucent gate.
 40297 | Depths:1 | Found a runed translucent gate.
 40297 | Depths:1 | Found a runed translucent gate.
 40298 | Depths:1 | Noticed strangelove's ghost (master GrEE)
 40298 | Depths:1 | Noticed Janeylunn's ghost (veteran GnWn)
 40298 | Depths:1 | Noticed frimble's ghost (adept DsGl)
 40623 | Depths:1 | Reached skill level 27 in Spellcasting
 40630 | Depths:1 | Noticed a golden dragon
 40632 | Depths:1 | Killed a golden dragon
 40641 | Depths:1 | Killed a juggernaut
 41104 | Depths:2 | Slain by a fire giant

Illustrated notes

Levels and vault maps discovered:
D:1:      wander_arrival_lonely_grave, layout_basic, serial_forest,
          infiniplex_forest_lined_room_2, infiniplex_forest_fountain,
          infiniplex_forest_lined_3, infiniplex_forest_clump_double,
          infiniplex_forest_end_1, infiniplex_forest_clump_curved,
          infiniplex_forest_join, shapermc_ecumenical_altar_mp_ritualfount,
          hangedman_decor_growths
D:2:      layout_basic
D:3:      layout_basic, chequers_serial_rivers_room_a,
          nicolae_elevator_lobby_plus
D:4:      layout_cave_pods, amcnicky_altar_gilded, minmay_temple_entry_waves,
          corexii_shack, uniq_ijyb
D:5:      kennysheep_kobold_camp, layout_rooms
D:6:      layout_basic, lemuel_doored_altar, marbit_many_paths, minitemple
D:7:      layout_basic
D:8:      layout_basic, serial_shops, nicolae_shop_rolling_square, uniq_maggie,
          uniq_pikel, uniq_maurice, uniq_prince_ribbit1
D:9:      layout_roguey, mainiacjoe_overflow_catwalk,
          nicolae_overflow_crystal_walls, mainiacjoe_overflow_paths,
          lemuel_tele_altar, enter_bailey_3, onia_ninara_cookie, uniq_harold,
          uniq_joseph
D:10:     layout_roguey, mainiacjoe_overflow_concentric_impassable
D:11:     layout_long_grid, lair_entry_dummy, minmay_orc_entry_temple_small,
          muffindrake_ghost_dual_entry, serial_shops, shop
D:12:     layout_cave_pools, portal_ice_cave_entry_ice_simulacra
D:13:     layout_rooms, hellmonk_vaults_order_and_chaos, serial_shops,
          shop_statue, gammafunk_ghost_mausoleum
D:14:     kennysheep_kobold_grotto, layout_loops_ring,
          infiniplex_staircase_zigzag_2, minmay_misc_feat_columns,
          kennysheep_cross_room
D:15:     grunt_enter_depths_hoard, layout_cave_pools,
          hangedman_abyss_or_decor_stabs, serial_shops,
          nicolae_shop_gibbet_a_chance, nicolae_shop_behind_doors,
          nicolae_shop_hallway_stairs, serial_bayou_pond_a
Temple:   minmay_freezing_vapour_temple
Lair:1:   wad_woods_settlement, layout_regular_city, gauntlet_entry_generic,
          guppyfry_lair_drakes, infiniplex_staircase_pool
Lair:2:   layout_long_grid, swamp_mist, hellmonk_spider_entry_life_and_decay,
          serial_bayou_shore_a, serial_bayou_shore_b
Lair:3:   layout_long_grid
Lair:4:   layout_cave_pods, minmay_hedge_maze, beast_lair_carwin_5,
          grunt_megastairs_5, serial_bayou_shore_b, lemuel_fruit_fields
Lair:5:   hangedman_lair_tendril_chambers, layout_layer_cave,
          hangedman_lair_caniforms_friends, dpeg_slime_entry_enclosed,
          minmay_lair_drake_nest, uniq_rupert
Swamp:1:  layout_falls_marsh, nicolae_swamp_ascending_descending_big,
          infiniplex_staircase_pool_2
Swamp:2:  layout_basic_swamp, evilmike_swamp_ruin_rubble_1, swamp_pool_1_2,
          nicolae_swamp_hydra_murder_den, uniq_aizul
Swamp:3:  layout_basic_swamp, gammafunk_ghost_arena,
          evilmike_swamp_ruin_house_4, swamp_pool_1_2,
          nicolae_swamp_feature_on_the_river_bank, uniq_bai_suzhen
Swamp:4:  byrel_swamp_growth_death_and_undeath, layout_basic_swamp,
          swamp_pool_1_2, nzn_swamp_weyward_sisters, uniq_mlioglotl
Spider:1: layout_spider_delve, gammafunk_ghost_arena, uniq_nikola
Spider:2: layout_chambers
Spider:3: layout_spider_delve, nicolae_spider_swamp_cousins
Spider:4: grunt_spider_rune_parallel
Orc:1:    layout_caves, gammafunk_ghost_berserking_beasts, serial_shops,
          nicolae_diamond_shop, nicolae_shop_advertising_works
          [nicolae_subvault_shop_adworks], nicolae_square_shop, shop,
          nicolae_shop_drivethru
Orc:2:    st_orc_elflike, layout_caves, serial_shops,
          nicolae_shop_bloodbath_and_beyond, mines1_david, uniq_azrael
Elf:1:    elf_arrival_001, layout_gridlike, minmay_elf_demonology
Elf:2:    elven_hall_of_blades_hangedman_alternative
          [nicolae_blade_entry_diamond_columns], layout_geoelf_octagon,
          gammafunk_ghost_cemetery, serial_shops, shop,
          nicolae_trove_entry_free_sample
Elf:3:    minmay_elf_hall, layout_geoelf_castle
Vaults:1: nicolae_vaults_network_square, nicolae_vaults_diamond_1,
          nicolae_vaults_offset_grid_hallway_3, nicolae_vaults_little_squares_6,
          nicolae_vaults_c_with_doors, nicolae_vaults_doubleplus_tesselated,
          ontoclasm_vaults_eye, nicolae_vaults_circle_grid_a,
          nicolae_vaults_heart-shaped_vault, ontoclasm_vaults_hangar,
          layout_vaults_ring, uniq_donald
Vaults:2: grunt_vaults_bifocal, vaults_dpeg_spiral,
          nicolae_vaults_layer_cake_slice, nicolae_vaults_diamond_1,
          nicolae_vaults_loss_of_containment, vaults_room_door_ring,
          ontoclasm_vaults_loading_screen, hangedman_vaults_stretched_pinwheel,
          nicolae_vaults_closet_pinwheel_1, hangedman_vaults_snaps,
          vaults_room_corners, vaults_room_pools, layout_vaults_big_room,
          blue_anna_dwarven_crypt, serial_shops, freezing_bzr
Vaults:3: hellmonk_ghost_happy_afterlife, nicolae_vaults_closet_pinwheel_1,
          nicolae_vaults_tetromino_Z_2, nicolae_vaults_mitosis, v_misc_4,
          vaults_mumra_hex, nicolae_vaults_trapezoid_2,
          nicolae_vaults_sightless_eye, ontoclasm_vaults_decontamination,
          nicolae_vaults_storage_closets_1, layout_vaults_omnigrid,
          serial_shops, shop
Vaults:4: hangedman_vaults_unwind, vaults_room_fancy_cross, kb_rosetta,
          nicolae_vaults_yaktaur_gun_rack, nicolae_vaults_circle_grid_b,
          nicolae_vaults_storage_closets_2, nicolae_vaults_hexular_roomagon,
          nicolae_vaults_closet_pinwheel_4, layout_vaults_omnibox, uniq_margery
Vaults:5: serial_shops
Depths:1: minmay_the_grid_triangle_9x9_recursive_3
          [minmay_the_grid_triangle_9x9_alien,
          minmay_the_grid_triangle_9x9_skeleton,
          minmay_the_grid_triangle_9x9_longest,
          minmay_the_grid_triangle_9x9_prize_center,
          minmay_the_grid_triangle_9x9_sprig,
          minmay_the_grid_triangle_9x9_sparse_checkered,
          minmay_the_grid_triangle_9x9_thin_v,
          minmay_the_grid_triangle_9x9_zippers_horizontal,
          minmay_the_grid_triangle_9x9_odd_lines], layout_cave_shapes,
          gammafunk_ghost_cemetery, minmay_door_square, grunt_mini_vestibule,
          drop_trap, nicolae_sif_muna_condensation
Depths:2: kennysheep_large_spiral, layout_cave_pools, minmay_room_of_horrors,
          grunt_pan_entry_in_and_out, pf_coc_iceberg, moated_statue,
          nicolae_hepliaklqana_ecumenical_no_more, serial_bayou_shore_b

Skill      XL: |  1  2  3  4  5  6  7  8  9 10 11 12 13 14 15 16 17 18 19 20 21 22 23 24 |
---------------+-------------------------------------------------------------------------+-----
Fighting       | 1 2 3 4 5 6 8 9 10 11 12 13 14 15 16 17 18 19 20 | 20.6
Spellcasting   | 4 5 6 7 9 10 11 12 13 14 15 16 17 19 20 22 24 26 27 | 27.0
Conjurations   | 4 5 6 7 9 10 11 12 13 14 15 16 17 18 19 20 21 22 | 22.8
Hexes          | 4 5 6 7 9 10 11 12 13 14 15 16 17 18 19 20 21 22 | 22.8
Summonings     | 4 5 6 7 9 10 11 12 13 14 15 16 17 18 19 20 21 22 | 22.8
Necromancy     | 4 5 6 7 9 10 11 12 13 14 15 16 17 18 19 20 21 22 | 22.8
Translocations | 4 5 6 7 9 10 11 12 13 14 15 16 17 18 19 20 21 22 | 22.8
Fire Magic     | 4 5 6 7 9 10 11 12 13 14 15 16 17 18 19 20 21 22 | 22.8
Ice Magic      | 4 5 6 7 9 10 11 12 13 14 15 16 17 18 19 20 21 22 | 22.8
Air Magic      | 4 5 6 7 9 10 11 12 13 14 15 16 17 18 19 20 21 22 | 22.8
Earth Magic    | 4 5 6 7 9 10 11 12 13 14 15 16 17 18 19 20 21 22 | 22.8
Alchemy        | 4 5 6 7 9 10 11 12 13 14 15 16 17 18 19 20 21 22 | 22.8
Dodging        | 3 5 7 9 10 11 12 13 14 15 16 17 | 17.0
Shields        | 4 6 7 9 10 11 12 13 | 13.5
Armour         | 1 4 6 7 9 10 11 12 | 12.0
Stealth        | |  1.5

Action                     |  1- 3 |  4- 6 |  7- 9 | 10-12 | 13-15 | 16-18 | 19-21 | 22-24 || total
---------------------------+-------+-------+-------+-------+-------+-------+-------+-------++-------
  Melee: Staff             |       |       |       |     6 |    22 |   124 |     1 |     1 ||   154
         Unarmed           |       |       |       |       |       |       |    45 |       ||    45
   Cast: Magic Dart        |    58 |   107 |   207 |   157 |     9 |     1 |       |       ||   539
         Searing Ray       |     1 |     9 |    24 |    12 |     1 |       |       |       ||    47
         Iskenderun's Myst |       |     1 |    21 |   128 |   419 |   444 |   173 |    61 ||  1247
         Call Imp          |       |     1 |       |       |       |       |       |       ||     1
         Fulminant Prism   |       |       |     7 |    42 |    38 |   129 |    39 |     7 ||   262
         Martyr's Knell    |       |       |       |     2 |       |       |     1 |     3 ||     6
         Fugue of the Fall |       |       |       |     1 |       |       |       |       ||     1
         Bombard           |       |       |       |       |       |   143 |   408 |   466 ||  1017
         Conjure Ball Ligh |       |       |       |       |       |     1 |     5 |       ||     6
         Summon Mana Viper |       |       |       |       |       |       |     5 |     3 ||     8
         Discord           |       |       |       |       |       |       |       |    15 ||    15
         Borgnjor's Revivi |       |       |       |       |       |       |       |     1 ||     1
  Evoke: Wand              |       |       |       |       |       |     1 |       |       ||     1
    Use: Scroll            |       |       |       |    21 |     5 |     7 |     5 |       ||    38
         Potion            |       |       |       |     7 |       |     1 |     8 |       ||    16
   Stab: Confused          |       |       |       |       |       |       |     8 |       ||     8
 Armour: Robe              |     2 |    25 |    22 |    60 |    23 |       |       |       ||   132
         Ring mail         |       |       |       |       |    54 |   193 |    54 |       ||   301
         Scale mail        |       |       |       |       |       |    10 |       |       ||    10
         Swamp dragon scal |       |       |       |       |       |       |    84 |   110 ||   194
         Skin              |       |       |       |       |       |       |    20 |       ||    20
  Dodge: Dodged            |       |    23 |    29 |    54 |    41 |    77 |    71 |    44 ||   339
  Block: Kite shield       |       |       |       |    22 |   108 |   142 |    59 |    64 ||   395
